 Dungeon Crawl Stone Soup version 0.26.1-2-gb8aa6d0cf2 (webtiles) character file.

Game seed: 13432149502771630114

37 Groucho the Sneak (level 3, -1/16 HPs)
             Began as a Spriggan Enchanter on Feb 20, 2021.
             Slain by a gnoll
             ... wielding a +0 spear
              (11 damage)
             ... on level 2 of the Dungeon.
             The game lasted 00:04:03 (3759 turns).

Groucho the Sneak (Spriggan Enchanter)              Turns: 3759, Time: 00:04:04

Health: -1/16      AC:  2    Str:  4    XL:     3   Next: 21%
Magic:  8/8        EV: 18    Int: 17    God:
Gold:   47         SH:  0    Dex: 16    Spells: 1/7 levels left

rFire    . . .     SeeInvis +   a - +1 dagger
rCold    . . .     Faith    .   (shield restricted)
rNeg     . . .     Spirit   .   b - +0 robe
rPois    .         Reflect  .   (helmet restricted)
rElec    .         Harm     .   (no cloak)
rCorr    .         Rampage  .   (gloves unavailable)
Will     .....                  (boots unavailable)
Stlth    +++.......             (no amulet)
HPRegen  0.05/turn              (no ring)
MPRegen  0.11/turn              (no ring)

@: very quick
A: very small, unfitting armour, see invisible, speed 3
a: no special abilities


You were on level 2 of the Dungeon.
You visited 1 branch of the dungeon, and saw 2 of its levels.

You collected 47 gold pieces.

Inventory:

Hand Weapons
 a - a +1 dagger (weapon)
Armour
 b - a +0 robe (worn)
Scrolls
 c - a scroll of magic mapping {unknown}
 d - a scroll of identify {unknown}
 e - a scroll of immolation {unknown}
 f - a scroll of blinking {unknown}
 g - a scroll of fog {unknown}
 h - a scroll of noise {unknown}
 i - 2 scrolls of remove curse {unknown}
Potions
 j - a potion of cancellation {unknown}


   Skills:
 - Level 1.1 Short Blades
 - Level 3.0 Dodging
 * Level 6.7 Stealth
 - Level 2.6 Spellcasting
 - Level 3.6 Hexes


You had one spell level left.
You knew the following spells:

 Your Spells              Type           Power        Failure   Level
a - Corona                Hex            15%          4%          1
b - Ensorcelled Hibernat  Hex/Ice        16%          13%         2
c - Confusing Touch       Hex            14%          12%         3

Your spell library contained the following spells:

 Spells                   Type           Power        Failure   Level
 Tukima's Dance           Hex            14%          12%         3
 Dazzling Flash           Conj/Hex       16%          26%         3


Dungeon Overview and Level Annotations

Branches:
Dungeon (2/15)

Altars:


Innate Abilities, Weirdness & Mutations

You are very small and have problems with some larger weapons.
You are too small for most types of armour.
You have supernaturally acute eyesight. (SInv)
You cover ground extremely quickly.


Message History

The goblin shouts!
You hear a shout!
The giant cockroach waves its antennae.
The rat twitches its whiskers.
Done waiting.
Unknown command.
The frilled lizard hisses.
There is a large open door here.
The kobold shouts!
Done exploring.
You see here a +0 dagger.
You see here a helmet.
There is a stone staircase leading down here.
You climb downwards. 3 gnolls come into view.
The gnoll shouts! x3
Found three items.
Found a stone staircase leading up.
There is a stone staircase leading up here.
The gnoll hits you with a +0 flail. The gnoll hits you with a +0 spear!
Ouch! That really hurt!
You die...

#.# #.# #.#
###.###
#.....#
#####.<...####
#...?...g....#
#?.@..#
#.gg..#
###.### #$#
#.. ###


You could see 3 gnolls.

Vanquished Creatures
  An ooze (D:1)
  4 dart slugs (D:1)
  2 leopard geckos (D:1)
  6 bats (D:1)
  2 giant cockroaches (D:1)
  2 goblins (D:1)
  2 kobolds (D:1)
  A ball python (D:1)
  2 frilled lizards (D:1)
  A rat (D:1)
23 creatures vanquished.

Notes
Turn   | Place    | Note
-------+----------+-------------------------------------------
     0 | D:1      | Groucho the Spriggan Enchanter began the quest for the Orb.
     0 | D:1      | Reached XP level 1. HP: 9/9 MP: 5/5
   320 | D:1      | Reached skill level 5 in Stealth
   577 | D:1      | Reached XP level 2. HP: 8/13 MP: 6/6
   580 | D:1      | Learned a level 2 spell: Ensorcelled Hibernation
  1267 | D:1      | Reached skill level 6 in Stealth
  2424 | D:1      | Reached XP level 3. HP: 16/16 MP: 8/8
  2428 | D:1      | Learned a level 3 spell: Confusing Touch
  3759 | D:2      | Slain by a gnoll

Illustrated notes

Levels and vault maps discovered:
D:1:      erik_arrival_cave_to_civilisation [erik_arrival_cave_to_temple],
          layout_basic, minmay_tromino_v2
D:2:      layout_loops_ring, minmay_fractal_squares_gapless_5, uniq_robin

Skill      XL: |  1  2 |
---------------+-------+-----
Stealth        | 5 6 |  6.7
Short Blades   | |  1.1
Dodging        | |  3.0
Spellcasting   | |  2.6
Hexes          | |  3.6

Action                   || total
-------------------------++-------
Melee: Dagger            ||   120
 Cast: Ensorcelled Hiber ||     8
 Stab: Sleeping          ||     9
Armor: Robe              ||    18
Dodge: Dodged            ||   119
